 Dungeon Crawl Stone Soup version 0.27-a0-421-g7ddf969dea (webtiles) character file.

Game seed: 15760358335415590925

692 night the Ducker (level 7, 0/36 HPs)
             Began as a Spriggan Warper on Feb 26, 2021.
             Was an Initiate of Dithmenos.
             Slain by an ogre
             ... wielding a +0 giant club
              (31 damage)
             ... on level 5 of the Dungeon.
             The game lasted 00:19:06 (7030 turns).

night the Ducker (Spriggan Warper)                  Turns: 7030, Time: 00:19:07

Health: 0/36       AC:  2    Str:  7    XL:     7   Next: 36%
Magic:  12/12      EV: 21    Int: 15    God:    Dithmenos [......]
Gold:   81         SH:  5    Dex: 16    Spells: 3/12 levels left

rFire    . . .     SeeInvis +   a - +3 dagger
rCold    . . .     Faith    .   A - +0 buckler
rNeg     . . .     Spirit   .   B - +0 robe
rPois    .         Reflect  .   (helmet restricted)
rElec    .         Harm     .   (no cloak)
rCorr    .         Rampage  .   (gloves unavailable)
Will     +....                  (boots unavailable)
Stlth    +.........             (no amulet)
HPRegen  0.12/turn              g - ring of wizardry
MPRegen  0.13/turn              (no ring)

@: very quick
A: very small, unfitting armour, see invisible, speed 3
a: Renounce Religion


You were on level 5 of the Dungeon.
You worshipped Dithmenos.
Dithmenos was noncommittal.
You visited 2 branches of the dungeon, and saw 6 of its levels.

You collected 207 gold pieces.
You spent 126 gold pieces at shops.

Inventory:

Hand Weapons
 a - a +3 dagger (weapon)
 b - a +0 hunting sling
 x - a +0 short sword
Missiles
 e - 4 boomerangs of dispersal
 f - 87 stones
 i - 21 poisoned darts (quivered)
 j - 2 boomerangs
 t - 22 sling bullets
Armour
 A - a +0 buckler (worn)
 B - a +0 robe (worn)
Jewellery
 g - a ring of wizardry (left hand)
 s - a +6 ring of strength
Wands
 E - a wand of random effects (11)
Scrolls
 c - a scroll of fog {unknown}
 d - 2 scrolls of blinking
 h - 2 scrolls of magic mapping {unknown}
 k - 2 scrolls of enchant armour {unknown}
 o - 7 scrolls of teleportation
 p - 4 scrolls of identify {unknown}
 r - a scroll of fear {unknown}
 v - 3 scrolls of enchant weapon {unknown}
 y - a scroll of noise {unknown}
 z - a scroll of teleportation
 D - a scroll of immolation {unknown}
 H - a scroll of random uselessness {unknown}
Potions
 l - a potion of might
 m - a potion of invisibility {unknown}
 n - 2 potions of mutation {unknown}
 q - a potion of heal wounds {unknown}
 u - a potion of degeneration {unknown}
 w - a potion of lignification
 C - a potion of ambrosia {unknown}
 F - a potion of attraction {unknown}
 G - a potion of flight {unknown}
 I - a potion of berserk rage {unknown}


   Skills:
 + Level 3.2 Fighting
 + Level 4.4 Short Blades
 - Level 1.0 Throwing
 * Level 7.3 Dodging
 + Level 0.4 Shields
 + Level 3.0 Spellcasting
 + Level 6.7 Translocations


You had 3 spell levels left.
You knew the following spells:

 Your Spells              Type           Power        Failure   Level
a - Gell's Gravitas       Tloc           11%          2%          3
b - Manifold Assault      Tloc           22%          9%          4
c - Blink                 Tloc           N/A          1%          2

Your spell library contained the following spells:

 Spells                   Type           Power        Failure   Level
 Lesser Beckoning         Tloc           11%          2%          3
 Teleport Other           Tloc           22%          2%          3


Dungeon Overview and Level Annotations

Branches:
Dungeon (5/15)             Temple (1/1) D:5

Altars:
Ashenzari
Cheibriados
Dithmenos
Elyvilon
Fedhas
Gozag
Hepliaklqana
Kikubaaqudgha
Makhleb
Okawaru
Qazlal
Sif Muna
Trog
Uskayaw
Vehumet
Wu Jian
Xom
Yredelemnul
Zin
The Shining One

Shops:
D:4 *


Innate Abilities, Weirdness & Mutations

You are very small and have problems with some larger weapons.
You are too small for most types of armour.
You have supernaturally acute eyesight. (SInv)
You cover ground extremely quickly.


Message History

You see here a kobold corpse.
There is a stone staircase leading down here.
You see here a +0 dagger.
Things that are here:
a +0 dagger; a +0 short sword An ogre comes into view.
It is wielding a +0 giant club.
Throw: 22 darts (poison)
Press: ? - help, Q - select action, (/) - cycle Shift-Dir - straight line, f - ogre
Aim: an ogre, wielding a +0 giant club (asleep, 98% to hit)
You throw a poisoned dart. The poisoned dart hits the ogre.
The ogre is poisoned.
The ogre shouts!
b - a +0 hunting sling (weapon)
The ogre looks more healthy.
You shoot a stone. The stone hits the ogre.
The ogre is moderately wounded.
You shoot a stone. The stone hits the ogre.
The ogre is moderately wounded.
You shoot a stone.
The stone hits the ogre but does no damage.
The ogre is moderately wounded.
You shoot a stone. The stone hits the ogre.
The ogre is heavily wounded.
You shoot a stone. The stone hits the ogre.
The ogre is heavily wounded.
You block the ogre's attack.
You shoot a stone. The stone hits the ogre.
The ogre is heavily wounded.
The ogre closely misses you.
a - a +3 dagger (weapon)
You hit the ogre.
The ogre is severely wounded.
The ogre hits you with a +0 giant club.
You hit the ogre.
The ogre is severely wounded.
You hit the ogre.
The ogre is almost dead.
The ogre hits you with a +0 giant club!!
Ouch! That really hurt!
You die...

#........##....##......#
#..............#####...#
#.##########....# #...#
#.# #....# #...# ###.#
#.##.# #...# #..(####
#.##.# ##... #.#.(..##
#<##.# #.##
(.......#..((.#########.#
#>..
####.#######.(O@..##....#
#### #
#.........##.##.####
...##.....##.##.#
#.....##.)..#
#############


You could see an ogre.

Vanquished Creatures
  2 ogres
  A kobold brigand (D:5)
  A scorpion (D:4)
  A water moccasin skeleton (D:5)
  A centaur skeleton (D:5)
  An orc priest (D:4)
  2 orc wizards (D:4)
  2 worker ants
  6 adders
  An ooze (D:5)
  2 ufetubi (D:5)
  2 worms
  2 dart slugs
  6 leopard geckos
  14 orcs
  5 giant cockroaches
  11 goblins
  7 hobgoblins
  6 jackals
  13 kobolds
  2 quokkas
  A ball python (D:3)
  6 bats
  7 frilled lizards
  11 rats
113 creatures vanquished.

Vanquished Creatures (others)
  11 plants (D:3)
11 creatures vanquished.

Grand Total: 124 creatures vanquished

Notes
Turn   | Place    | Note
-------+----------+-------------------------------------------
     0 | D:1      | night the Spriggan Warper began the quest for the Orb.
     0 | D:1      | Reached XP level 1. HP: 10/10 MP: 5/5
   395 | D:1      | Reached XP level 2. HP: 8/15 MP: 6/6
  1047 | D:1      | Reached skill level 4 in Dodging
  1155 | D:1      | Reached XP level 3. HP: 9/18 MP: 8/8
  1652 | D:1      | Reached skill level 2 in Fighting
  2271 | D:2      | Reached skill level 5 in Translocations
  2366 | D:2      | Learned a level 3 spell: Gell's Gravitas
  2604 | D:2      | Reached XP level 4. HP: 23/23 MP: 9/9
  2642 | D:2      | Found a faded altar of an unknown god.
  2809 | D:2      | Found a blossoming altar of Fedhas.
  2809 | D:2      | Found a white marble altar of Elyvilon.
  3204 | D:3      | Found a burning altar of Makhleb.
  3613 | D:3      | Found a broken altar of Ashenzari.
  3650 | D:3      | Reached skill level 5 in Dodging
  3702 | D:3      | Found a glowing silver altar of Zin.
  3702 | D:3      | Found a shimmering altar of Xom.
  3702 | D:3      | Noticed an angel
  4050 | D:3      | Reached XP level 5. HP: 27/27 MP: 10/10
  4073 | D:3      | Learned a level 4 spell: Manifold Assault
  4967 | D:4      | Found Nesied's General Store.
  4975 | D:4      | Bought a scroll of teleportation for 42 gold pieces
  4975 | D:4      | Bought a +0 buckler for 63 gold pieces
  4975 | D:4      | Bought a +0 hunting sling for 21 gold pieces
  5254 | D:4      | Noticed an air elemental
  5256 | D:4      | Found a stormy altar of Qazlal.
  5257 | D:4      | Noticed a water elemental
  5257 | D:4      | Noticed a fire elemental
  5301 | D:4      | Noticed an ogre
  5342 | D:4      | Reached skill level 6 in Dodging
  5342 | D:4      | Reached XP level 6. HP: 32/32 MP: 11/11
  5431 | D:4      | Found an iron altar of Okawaru.
  5613 | D:5      | Entered Level 5 of the Dungeon
  5875 | D:5      | Reached XP level 7. HP: 22/36 MP: 12/12
  6022 | D:5      | Found a staircase to the Ecumenical Temple.
  6034 | Temple   | Entered the Ecumenical Temple
  6220 | Temple   | Became a worshipper of Dithmenos the Shadowed
  6274 | D:5      | Reached skill level 7 in Dodging
  6277 | D:5      | Learned a level 2 spell: Blink
  7030 | D:5      | Slain by an ogre

Illustrated notes

Levels and vault maps discovered:
D:1:      dpeg_arrival_ratfight, layout_basic
D:2:      layout_loops_ring, chequers_temple_overflow_statue_of_worship,
          chequers_ecumenical_altar_grove
D:3:      layout_rooms, grunt_temple_overflow_order_and_chaos_1,
          old_standard_altar, old_standard_altar,
          amcnicky_mini_corridor_feature, serial_bayou_pond_c,
          chequers_serial_rivers_small_b
D:4:      layout_cave_pools, kennysheep_okawaru_gauntlet,
          nicolae_qazlal_style_of_elements, serial_shops, shop_statue
D:5:      layout_basic, temple_statues
Temple:   minmay_temple_bridge_abc

Skill      XL: |  1  2  3  4  5  6  7 |
---------------+----------------------+-----
Dodging        | 4 5 6 7 |  7.3
Fighting       | 2 3 |  3.2
Translocations | 5 6 |  6.7
Short Blades   | 3 4 |  4.4
Spellcasting   | 3 |  3.0
Throwing       | |  1.0
Shields        | |  0.4

Action                   |  1- 3 |  4- 6 |  7- 9 || total
-------------------------+-------+-------+-------++-------
Melee: Short sword       |   199 |    89 |       ||   288
       Dagger            |       |   117 |    50 ||   167
 Fire: Hunting sling     |       |    14 |    20 ||    34
Throw: Dart              |     6 |    71 |     1 ||    78
       Boomerang         |       |     3 |       ||     3
 Cast: Gell's Gravitas   |     3 |    15 |     4 ||    22
       Manifold Assault  |       |     4 |       ||     4
  Use: Potion            |     2 |       |       ||     2
 Stab: Sleeping          |     1 |     2 |     1 ||     4
Armor: Robe              |    16 |    13 |     2 ||    31
Dodge: Dodged            |   150 |   169 |    45 ||   364
Block: Buckler           |       |       |     8 ||     8

Table legend: (Time is in decaauts)
 A = Elapsed time spent in this place.
 B = Non-inter-level travel time spent in this place.
 C = Inter-level travel time spent in this place.
 D = Time resting spent in this place.
 E = Time spent auto-exploring this place.
 F = Levels seen in this place.
 G = Mean time per level.
                   A        B        C        D        E       F      G
               +--------+--------+--------+--------+--------+-----+--------+
         Total |   5762 |   5686 |     76 |   1626 |   2936 |   6 |  960.3 |
       Dungeon |   5636 |   5573 |     63 |   1626 |   2828 |   5 | 1127.2 |
        Temple |    125 |    113 |     12 |      0 |    107 |   1 |  125.0 |
               +--------+--------+--------+--------+--------+-----+--------+

Top non-repeatable levels by time:
     D:1: 1686 daAuts
     D:3: 1321 daAuts
     D:2: 970 daAuts
     D:5: 854 daAuts
     D:4: 804 daAuts
  Temple: 125 daAuts
